 Dungeon Crawl Stone Soup version 0.22-a0-614-g34fbaa0 (webtiles) character file.

454 EloyTheNewbi the Covered (level 7, 0/43 HPs)
             Began as a Gargoyle Fighter on July 13, 2018.
             Slain by an ogre
             ... wielding a cursed +0 giant club
              (6 damage)
             ... on level 3 of the Dungeon.
             The game lasted 00:17:58 (2715 turns).

EloyTheNewbi the Covered (Gargoyle Fighter)         Turns: 2715, Time: 00:17:59

Health: 0/43       AC: 17    Str: 23    XL:     7   Next: 5%
Magic:  7/7        EV: 13    Int:  8    God:
Gold:   184        SH: 14    Dex: 16    Spells: 6/6 levels left

rFire    . . .     SeeInvis .   t - +0 flail (venom)
rCold    . . .     Gourm    .   c - +0 shield
rNeg     + + .     Faith    .   b - +0 scale mail
rPois    ∞         Spirit   .   (no helmet)
rElec    +         Reflect  +   p - +1 cloak
rCorr    .         Harm     .   y - +2 pair of gloves
MR       .....                  (no boots)
Stlth    +.........             a - +4 amulet of reflection
HPRegen  0.14/turn              w - ring of positive energy
MPRegen  0.10/turn              x - +3 ring of strength

@: agile
A: negative energy resistance 1, electricity resistance, unbreathing,
petrification resistance, rot immunity, AC +4
a: no special abilities


You were on level 3 of the Dungeon.
You were hungry.

You visited 1 branch of the dungeon, and saw 4 of its levels.

You collected 184 gold pieces.

Inventory:

Hand Weapons
 t - a +0 flail of venom (weapon)
Missiles
 i - 92 stones (quivered)
 l - 45 sling bullets
Armour
 b - a +0 scale mail (worn)
 c - a +0 shield (worn)
 k - a +0 plate armour
 p - a +1 cloak (worn)
 y - a +2 pair of gloves (worn)
Jewellery
 a - a +4 amulet of reflection (around neck)
 w - a ring of positive energy (left hand)
 x - a +3 ring of strength (right hand)
Scrolls
 m - a scroll of blinking
 q - 5 scrolls of remove curse
 s - 4 scrolls of teleportation
 v - a scroll of magic mapping
 A - a scroll of fog {unknown}
Potions
 d - a potion of might
 e - 2 potions of magic {unknown}
 j - 3 potions of flight
 n - a potion of ambrosia {unknown}
 o - 2 potions of lignification {unknown}
 r - a potion of heal wounds {unknown}
 u - a potion of mutation {unknown}
 z - 3 potions of curing {unknown}
Comestibles
 f - 5 rations
 g - 7 chunks of flesh


   Skills:
 + Level 4.2 Fighting
 + Level 4.8 Maces & Flails
 + Level 0.3 Throwing
 * Level 4.9 Armour
 + Level 1.2 Dodging
 + Level 0.4 Stealth
 + Level 4.5 Shields


You had 6 spell levels left.
You didn't know any spells.
Your spell library was empty.

Dungeon Overview and Level Annotations

Branches:
Dungeon (4/15)
 Temple: D:4-7

Altars:


Innate Abilities, Weirdness & Mutations

You are resistant to torment.
Your stone body is resilient. (AC +4)
You are immune to poison.
You resist negative energy. (rN+)
You are resistant to electric shocks. (rElec)
You can survive without breathing.
You are immune to petrification.
You are immune to rotting.


Message History

The ogre hits you with a giant club!
You see here 4 gold pieces.
You see here a mace.
You see here 17 arrows.
The ogre hits you with a giant club.
You feel agile all of a sudden.
You are feeling hungry.
You block the ogre's attack.
You hit the ogre.
The ogre is poisoned.
The ogre is moderately wounded.
The ogre hits you with a giant club!
* * * LOW HITPOINT WARNING * * *
There is a stone staircase leading up here.
You can't go down here!
The ogre misses you.
You climb upwards.
There is a stone staircase leading down here.
There is a stone staircase leading up here.
The ogre hits you with a giant club.
You die...

###########
##.........#
#..........#
#........).# ####
#..........### #...
#...@........#####...
#....O>..........'...
###..#.###.#.#####...
#..#.......### ####
#.##.........######
#..................
#####........######
#........#### #
#...........# #


You could see an ogre.

Vanquished Creatures
  An ogre (D:3)
  2 orc wizards (D:4)
  An orc priest (D:4)
  Jessica (D:3)
  A worker ant (D:4)
  A hound skeleton (D:4)
  9 adders
  4 gnolls (D:3)
  2 oozes (D:3)
  A worm (D:3)
  A dart slug (D:3)
  2 leopard geckos
  5 orcs
  10 bats
  6 giant cockroaches
  7 goblins
  8 hobgoblins
  4 jackals (D:2)
  7 kobolds
  2 quokkas
  3 ball pythons
  6 frilled lizards
  A jackal skeleton (D:4)
  6 rats
91 creatures vanquished.

Notes
Turn   | Place    | Note
-------+----------+-------------------------------------------
     0 | D:1      | EloyTheNewbi the Gargoyle Fighter began the quest for the Orb.
     0 | D:1      | Reached XP level 1. HP: 14/14 MP: 1/1
    68 | D:1      | Reached XP level 2. HP: 18/19 MP: 2/2
   579 | D:2      | Reached XP level 3. HP: 23/23 MP: 3/3
   955 | D:2      | Reached XP level 4. HP: 25/28 MP: 4/4
  1743 | D:3      | Reached XP level 5. HP: 22/33 MP: 5/5
  2053 | D:3      | Noticed Jessica
  2062 | D:3      | Killed Jessica
  2080 | D:3      | Noticed an ogre
  2104 | D:3      | Killed an ogre
  2104 | D:3      | Reached skill level 1 in Dodging
  2104 | D:3      | Reached XP level 6. HP: 24/38 MP: 6/6
  2625 | D:4      | Reached XP level 7. HP: 42/43 MP: 7/7
  2715 | D:3      | Slain by an ogre

Vault maps used:
D:1:      saegor_arrival_simple_a
D:2:      first_ration, patterned_corridor
D:3:      grunt_ministairs_2, uniq_jessica
D:4:      minmay_temple_entry_statues

Skill      XL: |  1  2  3  4  5 |
---------------+----------------+-----
Maces & Flails | 3 4 |  4.8
Armour         | 4 |  4.9
Fighting       | 4 |  4.2
Shields        | 4 |  4.5
Dodging        | 1 |  1.2
Throwing       | |  0.3
Stealth        | |  0.4

Action                   |  1- 3 |  4- 6 |  7- 9 || total
-------------------------+-------+-------+-------++-------
Melee: Flail             |   137 |   184 |     3 ||   324
Throw: Stone             |     8 |     7 |       ||    15
  Use: Scroll            |     6 |     6 |       ||    12
       Potion            |       |       |     1 ||     1
  Eat: Chunk             |     1 |     5 |       ||     6
Armor: Scale mail        |    92 |    80 |       ||   172
Dodge: Dodged            |    58 |    54 |     1 ||   113
Block: Shield            |    72 |   106 |     2 ||   180
       Reflection        |       |     2 |       ||     2

Table legend:
 A = Spawn XP
 B = Non-spawn XP
 C = Spawn XP percentage of total XP
 D = Spawn monster count
 E = Non-spawn monster count
 F = Spawn count percentage of total count
 G = Total turns spent on level
                    A         B        C        D         E        F      G
               +---------+---------+-------+---------+---------+-------+---------
         Total |       0 |     649 |   0.0 |       0 |      91 |   0.0 |  2715
               +---------+---------+-------+---------+---------+-------+---------
           D:1 |       0 |      21 |   0.0 |       0 |      13 |   0.0 |   394
           D:2 |       0 |     120 |   0.0 |       0 |      30 |   0.0 |  1293
           D:3 |       0 |     327 |   0.0 |       0 |      39 |   0.0 |   804
           D:4 |       0 |     181 |   0.0 |       0 |       9 |   0.0 |   224
               +---------+---------+-------+---------+---------+-------+---------
